 Dungeon Crawl Stone Soup version 0.31-a0-625-gc9c7e45f3f (webtiles) character file.

Game seed: 13905679153049561442

2055 Ijustatesigmund the Fighter (level 9, -6/90 HPs)
             Began as a Gargoyle Fighter on Aug 24, 2023.
             Mangled by Amaemon
             ... wielding a +0 demon whip of venom
              (9 damage)
             ... on level 8 of the Dungeon.
             The game lasted 00:08:51 (8121 turns).

Ijustatesigmund the Fighter (Gargoyle Fighter)      Turns: 8121, Time: 00:08:51

Health: -6/90      AC: 19    Str: 26    XL:     9   Next: 25%
Magic:  9/9        EV: 13    Int: 10    God:
Gold:   547        SH:  4    Dex:  9    Spells: 8/8 levels left

rFire   + . .        a - +1 flail
rCold   . . .        c - +0 buckler
rNeg    + . .        b - +0 plate armour "Vaoveomp" {Fly rF+ Str+3}
rPois   ∞            (no helmet)
rElec   +            (no cloak)
rCorr   .            (no gloves)
SInv    .            (no boots)
Will    .....        (no amulet) Stlth
                     f - +4 ring of slaying
HPRegen 0.35/turn    n - +5 ring of evasion
MPRegen 0.11/turn

%: no passive effects
@: berserking, flying, very quick
A: sickness immunity, AC +6, negative energy resistance 1, electricity
resistance, torment resistance 1, petrification resistance
a: no special abilities


You were on level 8 of the Dungeon.
You visited 2 branches of the dungeon, and saw 9 of its levels.
You also visited: Ossuary.

You collected 547 gold pieces.

Inventory:

Hand Weapons
 a - a +1 flail (weapon)
Missiles
 p - 3 throwing nets
Armour
 b - the +0 plate armour "Vaoveomp" (worn) {Fly rF+ Str+3}
   (You found it on level 2 of the Dungeon)

   Str+3:     It affects your strength (+3).
   rF+:       It protects you from fire.
   Fly:       It grants you flight.
 c - a +0 buckler (worn)
Jewellery
 f - a +4 ring of slaying (left hand)
 n - a +5 ring of evasion (right hand)
 o - a +6 ring of intelligence
Wands
 q - a wand of iceblast (11)
 r - a wand of flame (23)
Scrolls
 j - 2 scrolls of blinking
 s - a scroll of fear
Potions
 d - 2 potions of might
 e - 2 potions of mutation
 g - a potion of berserk rage
 h - 2 potions of resistance
 i - 7 potions of curing
 k - a potion of lignification
 l - a potion of heal wounds
 m - a potion of haste
 t - a potion of cancellation


   Skills:
 + Level 8.5 Fighting
 + Level 7.2 Maces & Flails
 - Level 6.0 Armour
 + Level 3.4 Dodging
 - Level 3.2 Shields


You had 8 spell levels left.
You didn't know any spells.
Your spell library contained the following spells:

 Spells                   Type           Power      Damage    Failure   Level
 Summon Small Mammal      Summ           0%         N/A       99%         1
 Call Canine Familiar     Summ           0%         N/A       100%        3
 Dazzling Flash           Conj/Hex       0%         N/A       100%        3
 Summon Guardian Golem    Hex/Summ       0%         N/A       100%        3
 Dispel Undead            Necr           0%         3d6       100%        4
 Agony                    Necr           0%         N/A       100%        5
 Silence                  Hex/Air        0%         N/A       100%        5
 Death Channel            Necr           0%         N/A       100%        6
 Cigotuvi's Dreadful Rot  Necr/Pois/Air  Unusable   N/A       N/A         2

Dungeon Overview and Level Annotations

Branches:
Dungeon (8/15)             Temple (1/1) D:6         Ossuary (visited)
   Lair: D:8-11

Altars:
Ashenzari
Cheibriados
Dithmenos
Fedhas
Gozag
Hepliaklqana
Kikubaaqudgha
Makhleb
Nemelex Xobeh
Okawaru
Qazlal
Sif Muna
Trog
Uskayaw
Vehumet
Wu Jian
Xom
Yredelemnul
Zin
The Shining One

Shops:
D:1 ?

Annotations:
D:8 Amaemon


Innate Abilities, Weirdness & Mutations

You are immune to sickness and miasma.
Your stone body is resilient. (AC +6)
You are immune to poison.
You resist negative energy. (rN+)
You are resistant to electric shocks. (rElec)
You are resistant to unholy torment.
You are immune to petrification.


Message History

You are too injured to fight recklessly!
You are too injured to fight recklessly!
You sock Amaemon!
Amaemon is heavily wounded.
The orange demon barely misses you.
Amaemon casts a spell at the orange demon.
The orange demon seems to grow toxic.
You sock Amaemon!
Amaemon is severely wounded.
You block the orange demon's attack. Amaemon hits you but does no damage.
Amaemon claws you. Amaemon tail-slaps you.
You closely miss Amaemon.
Amaemon is severely wounded.
The orange demon barely misses you.
Amaemon hits you with a +0 demon whip of venom!
* * * LOW HITPOINT WARNING * * *
Amaemon barely misses you.
Amaemon tail-slaps you but does no damage.
A red film seems to cover your vision as you go berserk!
You feel yourself moving faster!
You feel mighty! The orange demon stings you from afar.
* * * LOW HITPOINT WARNING * * *
Amaemon barely misses you. Amaemon claws you.
* * * LOW HITPOINT WARNING * * *
Amaemon barely misses you.
You hit Amaemon.
Amaemon is severely wounded.
You block the orange demon's attack. Amaemon hits you but does no damage.
You block Amaemon's attack. Amaemon closely misses you.
You sock Amaemon!
Amaemon is severely wounded.
Amaemon barely misses you. Amaemon claws you but does no damage.
Amaemon tail-slaps you.
* * * LOW HITPOINT WARNING * * *
The orange demon stings you but does no damage.
You barely miss Amaemon.
Amaemon is severely wounded.
The orange demon barely misses you. Amaemon hits you but does no damage.
Amaemon claws you!
You die...

#.# #.# #.#
#.# #.# # #
#.# .#.# #<#
.....
#.#####.....#
#....@6..#
#######4.# .#
#


You could see Amaemon and an orange demon (curare).

Vanquished Creatures
  A steam dragon (D:7)
  Menkaure (D:5)
  Duvessa (D:7)
  A sky beast (D:7)
  A black bear (D:6)
  2 ogres
  2 centaurs (D:7)
  A bullfrog (D:7)
  A scorpion (D:5)
  Dowan (D:7)
  A howler monkey (D:5)
  A crimson imp (D:4)
  6 hounds
  2 gnoll boudas
  2 iguanas
  5 orc priests
  2 sleepcaps (D:6)
  2 orc wizards
  8 mummies (Ossuary)
  Robin (D:2)
  12 gnolls
  5 adders
  A shadow imp (D:5)
  2 worms
  6 dart slugs
  22 orcs
  7 ball pythons
  4 endoplasms (D:1)
  A giant cockroach (D:3)
  8 hobgoblins
  2 quokkas (D:1)
  6 bats
  3 frilled lizards
  20 goblins
  3 hobgoblin zombies (Ossuary)
  11 kobolds
  4 kobold zombies (Ossuary)
  An orc zombie (Ossuary)
  5 rats
165 creatures vanquished.

Notes
Turn   | Place    | Note
-------+----------+-------------------------------------------
     0 | D:1      | Ijustatesigmund the Gargoyle Fighter began the quest for
                  | the Orb.
     0 | D:1      | Reached XP level 1. HP: 14/14 MP: 1/1
    36 | D:1      | Found Ypazumni's Magic Scroll Emporium.
    63 | D:1      | Reached XP level 2. HP: 14/19 MP: 2/2
   575 | D:1      | Reached XP level 3. HP: 18/24 MP: 3/3
   608 | D:1      | Reached skill level 4 in Fighting
  1302 | D:2      | Reached XP level 4. HP: 18/30 MP: 4/4
  1314 | D:2      | Identified the +0 plate armour "Vaoveomp" {Fly rF+ Str+3}
  1586 | D:2      | Noticed Robin
  1617 | D:2      | Killed Robin
  2048 | D:2      | Found a glowing silver altar of Zin.
  2670 | D:3      | Reached XP level 5. HP: 34/34 MP: 5/5
  3003 | D:3      | Reached skill level 5 in Fighting
  3234 | D:4      | Found a sand-covered staircase.
  3239 | Ossuary  | Entered an ossuary
  3293 | Ossuary  | Reached XP level 6. HP: 28/40 MP: 6/6
  3610 | D:4      | Found a burning altar of Makhleb.
  3611 | D:4      | Found a shimmering altar of Xom.
  3755 | D:4      | Found a bloodstained altar of Trog.
  3982 | D:4      | Reached skill level 5 in Armour
  3982 | D:4      | Reached XP level 7. HP: 45/45 MP: 7/7
  4246 | D:4      | Reached skill level 6 in Fighting
  4249 | D:4      | HP: 2/46 [orc/+0 flail (3)]
  4786 | D:5      | Entered Level 5 of the Dungeon
  4795 | D:5      | Reached skill level 5 in Maces & Flails
  5365 | D:5      | Found an ornate altar of the Wu Jian Council.
  5609 | D:5      | Noticed Menkaure
  5619 | D:5      | Killed Menkaure
  5620 | D:5      | Reached XP level 8. HP: 13/52 MP: 8/8
  6308 | D:6      | Reached skill level 7 in Fighting
  6308 | D:6      | Reached skill level 1 in Dodging
  6858 | D:6      | Found a staircase to the Ecumenical Temple.
  6945 | Temple   | Entered the Ecumenical Temple
  7091 | D:6      | Reached skill level 8 in Fighting
  7216 | D:6      | Reached XP level 9. HP: 59/59 MP: 9/9
  7350 | D:7      | Noticed Duvessa
  7350 | D:7      | Noticed Dowan
  7355 | D:7      | Killed Dowan
  7365 | D:7      | Killed Duvessa
  7680 | D:7      | Found a snail-covered altar of Cheibriados.
  8083 | D:8      | Noticed an orange demon
  8083 | D:8      | Noticed Amaemon
  8120 | D:8      | HP: 3/90 [Amaemon/+0 demon whip of venom (4)]
  8121 | D:8      | Mangled by Amaemon

Illustrated notes

Levels and vault maps discovered:
D:1:      dpeg_arrival_rooms_c, layout_basic, serial_forest,
          infiniplex_forest_lined_room_2, infiniplex_forest_zigzag_1,
          infiniplex_forest_clump_medium, infiniplex_forest_end_1,
          infiniplex_forest_corner_2, infiniplex_forest_lined_ring,
          infiniplex_forest_clump_double, infiniplex_forest_corner_1,
          infiniplex_forest_end_2, serial_shops, nicolae_shop_waterfront,
          hex_large
D:2:      minmay_door_path, layout_loops_corners, basic_altar, uniq_robin
D:3:      layout_basic
D:4:      layout_loops_ring, grunt_temple_overflow_champion_of_chaos,
          mainiacjoe_overflow_24_doors, enter_ossuary_2, grunt_decor_arrowhead,
          item_on_display_a
D:5:      layout_layer_cave, old_standard_altar, uniq_menkaure
D:6:      layout_cave_pools, minmay_temple_entry_nine_rooms
D:7:      layout_basic, cheibriados_altar_2, uniq_duvessa
D:8:      layout_loops_ring, nicolae_ru_sacrificial_ziggurat,
          minmay_fractal_squares_diagonal_5, uniq_psyche, uniq_prince_ribbit1,
          uniq_joseph, uniq_amaemon
Temple:   eino_wide_crystal_templ

Skill      XL: |  1  2  3  4  5  6  7  8  9 |
---------------+----------------------------+-----
Fighting       | 4 5 6 8 |  8.5
Maces & Flails | 3 4 5 6 7 |  7.2
Armour         | 4 5 6 |  6.0
Dodging        | 2 3 |  3.4
Shields        | |  3.2

Action                     |  1- 3 |  4- 6 |  7- 9 || total
---------------------------+-------+-------+-------++-------
  Melee: Flail             |   188 |   307 |   282 ||   777
    Use: Scroll            |       |     6 |    10 ||    16
         Potion            |       |     4 |     2 ||     6
 Armour: Scale mail        |    78 |     3 |       ||    81
         Plate armour      |       |   244 |   203 ||   447
  Dodge: Dodged            |    62 |   112 |   136 ||   310
  Block: Buckler           |    20 |    78 |    69 ||   167

Table legend: (Time is in decaauts)
 A = Elapsed time spent in this place.
 B = Non-inter-level travel time spent in this place.
 C = Inter-level travel time spent in this place.
 D = Time resting spent in this place.
 E = Time spent auto-exploring this place.
 F = Levels seen in this place.
 G = Mean time per level.
                   A        B        C        D        E       F      G
               +--------+--------+--------+--------+--------+-----+--------+
         Total |   8252 |   8016 |    236 |   1329 |   5164 |  10 |  825.2 |
       Dungeon |   7934 |   7706 |    228 |   1329 |   4982 |   8 |  991.8 |
        Temple |     13 |      6 |      7 |      0 |      0 |   1 |   13.0 |
       Ossuary |    304 |    304 |      0 |      0 |    181 |   1 |  304.0 |
               +--------+--------+--------+--------+--------+-----+--------+

Top non-repeatable levels by time:
     D:5: 1528 daAuts
     D:1: 1347 daAuts
     D:4: 1312 daAuts
     D:2: 1206 daAuts
     D:7: 977 daAuts
     D:6: 795 daAuts
     D:3: 720 daAuts
 Ossuary: 304 daAuts
     D:8: 46 daAuts
  Temple: 13 daAuts
